 Dungeon Crawl Stone Soup version 0.30-a0-263-ge22c4ad894 (webtiles) character file.

Game seed: 15262608594299065801

725 bande the Chopper (level 7, -8/44 HPs)
             Began as a Gargoyle Fighter on Oct 13, 2022.
             Mangled by Duvessa
             ... wielding a +0 short sword
              (14 damage)
             ... on level 5 of the Dungeon.
             The game lasted 00:05:23 (4206 turns).

bande the Chopper (Gargoyle Fighter)                Turns: 4206, Time: 00:05:24

Health: -8/44      AC: 12    Str: 19    XL:     7   Next: 71%
Magic:  7/7        EV:  9    Int:  9    God:
Gold:   282        SH:  0    Dex: 11    Spells: 6/6 levels left

rFire   . . .      SeeInvis .    a - +1 war axe
rCold   . . .      Faith    .    c - +1 buckler
rNeg    + . .      Spirit   .    b - +0 scale mail
rPois   ∞          Reflect  .    (no helmet)
rElec   +          Harm     .    (no cloak)
rCorr   .          Rampage  .    (no gloves)
Will    .....                    (no boots)
Stlth   ..........               (no amulet)
HPRegen 0.27/turn                (no ring)
MPRegen 0.10/turn                (no ring)

@: confused, lit by a corona, ambrosia-drunk, glowing
A: sickness immunity, AC +4, negative energy resistance 1, electricity
resistance, torment resistance 1, petrification resistance
a: no special abilities


You were on level 5 of the Dungeon.
You visited 1 branch of the dungeon, and saw 5 of its levels.

You collected 282 gold pieces.

Inventory:

Hand Weapons
 a - a +1 war axe (weapon)
 r - a +0 flail
Armour
 b - a +0 scale mail (worn)
 c - a +1 buckler (worn)
 j - a +0 ring mail of cold resistance
Scrolls
 e - 3 scrolls of teleportation
 h - a scroll of summoning
 i - a scroll of enchant armour
 o - 3 scrolls of fog
Potions
 d - a potion of might
 k - a potion of attraction {unknown}
 l - a potion of ambrosia
 m - 2 potions of mutation {unknown}
 n - a potion of cancellation {unknown}
 q - 2 potions of heal wounds {unknown}
 t - a potion of resistance {unknown}


   Skills:
 + Level 4.9 Fighting
 + Level 5.5 Axes
 + Level 5.3 Armour
 - Level 0.1 Stealth
 + Level 4.4 Shields


You had 6 spell levels left.
You didn't know any spells.
Your spell library contained the following spells:

 Spells                   Type           Power      Damage    Failure   Level
 Apportation              Tloc           0%         N/A       83%         1
 Necrotise                Necr           0%         1d4       83%         1
 Summon Small Mammal      Summ           0%         N/A       83%         1


Dungeon Overview and Level Annotations

Branches:
Dungeon (5/15)
 Temple: D:4-7

Altars:

Shops:
D:3 *

Annotations:
D:5 2 transporters, Duvessa


Innate Abilities, Weirdness & Mutations

You are immune to sickness and miasma.
Your stone body is resilient. (AC +4)
You are immune to poison.
You resist negative energy. (rN+)
You are resistant to electric shocks. (rElec)
You are resistant to unholy torment.
You are immune to petrification.


Message History

You closely miss Duvessa. Dowan hits you with a +0 dagger.
Duvessa hits you but does no damage.
You closely miss Dowan.
Dowan is moderately wounded.
You closely miss Duvessa. Dowan gestures at you while chanting.
You are outlined in light.
You block Duvessa's attack. Duvessa hits you but does no damage.
Dowan hits you but does no damage.
You slash Dowan!
Dowan is almost dead.
You hit Duvessa but do no damage. You block Dowan's attack.
Duvessa zaps a wand.
The roots erupt in riotous growth!
The grasping roots grab you!
Duvessa is unaffected.
Dowan is unaffected.
The grasping roots constrict you.
You hear a shout!
You barely miss Duvessa.
Duvessa is moderately wounded.
You hit Dowan.
You kill Dowan!
Duvessa screams, "No!
How DARE you!"
Duvessa goes berserk!
You hear a shout!
Duvessa hits you but does no damage. The grasping roots constrict you.
Duvessa hits you with a +0 short sword! The grasping roots constrict you.
You hit Duvessa.
Duvessa is heavily wounded.
Duvessa barely misses you. The grasping roots constrict you.
Duvessa hits you but does no damage. The grasping roots constrict you.
You slash Duvessa!
Duvessa is heavily wounded.
Duvessa completely misses you. The grasping roots constrict you.
Duvessa hits you with a +0 short sword!
* * * LOW HITPOINT WARNING * * *
The grasping roots constrict you.
* * * LOW HITPOINT WARNING * * *
The grasping roots release their grip on you.
It was a potion of ambrosia.
You are confused.
You feel invigorated. Duvessa hits you with a +0 short sword!
You die...

.. ############ .
...##....##...)##....
..........'.>@e......
..........#....##....
.........#....# .
....<....#...?#
########.....#....#
#......#.....#....#
#......###'#########
#...................
#...................


You could see Duvessa (berserk).

Vanquished Creatures
  An ogre (D:5)
  A phantom (D:4)
  2 scorpions (D:5)
  Dowan (D:5)
  3 hounds
  4 iguanas
  9 adders
  A white imp (D:5)
  5 worms
  6 dart slugs
  8 orcs
  8 endoplasms
  2 giant cockroaches
  5 hobgoblins
  7 jackals (D:1)
  4 quokkas
  9 ball pythons
  8 bats
  A frilled lizard (D:1)
  4 goblins
  8 kobolds
  13 rats
110 creatures vanquished.

Notes
Turn   | Place    | Note
-------+----------+-------------------------------------------
     0 | D:1      | bande the Gargoyle Fighter began the quest for the Orb.
     0 | D:1      | Reached XP level 1. HP: 14/14 MP: 1/1
   126 | D:1      | Reached XP level 2. HP: 19/19 MP: 2/2
   246 | D:1      | Reached XP level 3. HP: 23/23 MP: 3/3
  1075 | D:2      | Reached XP level 4. HP: 27/29 MP: 4/4
  1820 | D:3      | Reached XP level 5. HP: 33/33 MP: 5/5
  1995 | D:3      | Found Sejeanoru's General Store.
  2708 | D:4      | Noticed a phantom
  2724 | D:4      | Killed a phantom
  2725 | D:4      | Reached XP level 6. HP: 25/38 MP: 6/6
  3259 | D:5      | Entered Level 5 of the Dungeon
  3277 | D:5      | Reached XP level 7. HP: 23/44 MP: 7/7
  3606 | D:5      | Found a transporter.
  3614 | D:5      | Reached skill level 5 in Axes
  3646 | D:5      | Found a transporter.
  3654 | D:5      | Reached skill level 5 in Armour
  4194 | D:5      | Noticed Duvessa
  4195 | D:5      | Noticed Dowan
  4203 | D:5      | Killed Dowan
  4206 | D:5      | Mangled by Duvessa

Illustrated notes

Levels and vault maps discovered:
D:1:      nzn_arrival_settlement, layout_basic
D:2:      layout_basic, dk_noncrumbling_2
D:3:      layout_loops_corners, serial_shops, nicolae_shop_window_shopping
D:4:      layout_loops_ring, minmay_distorted
D:5:      gammafunk_steamed_eel, layout_gridville, nicolae_ru_path_of_blood,
          ebering_ghost_reflecting_pool, uniq_duvessa, uniq_pikel

Skill      XL: |  1  2  3  4  5  6  7 |
---------------+----------------------+-----
Axes           | 2 3 4 5 |  5.5
Armour         | 4 5 |  5.3
Shields        | 4 |  4.4
Fighting       | 4 |  4.9
Stealth        | |  0.1

Action                   |  1- 3 |  4- 6 |  7- 9 || total
-------------------------+-------+-------+-------++-------
Melee: War axe           |   114 |   266 |    51 ||   431
  Use: Scroll            |       |       |     7 ||     7
       Potion            |       |       |     1 ||     1
Armor: Scale mail        |    79 |   157 |    39 ||   275
Dodge: Dodged            |    86 |   145 |    29 ||   260
Block: Buckler           |    28 |    50 |    13 ||    91

Table legend: (Time is in decaauts)
 A = Elapsed time spent in this place.
 B = Non-inter-level travel time spent in this place.
 C = Inter-level travel time spent in this place.
 D = Time resting spent in this place.
 E = Time spent auto-exploring this place.
 F = Levels seen in this place.
 G = Mean time per level.
                   A        B        C        D        E       F      G
               +--------+--------+--------+--------+--------+-----+--------+
         Total |   4364 |   4254 |    110 |    746 |   2574 |   5 |  872.8 |
       Dungeon |   4364 |   4254 |    110 |    746 |   2574 |   5 |  872.8 |
               +--------+--------+--------+--------+--------+-----+--------+

Top non-repeatable levels by time:
     D:5: 966 daAuts
     D:1: 936 daAuts
     D:3: 875 daAuts
     D:4: 806 daAuts
     D:2: 780 daAuts
